 Dungeon Crawl Stone Soup version 0.23-a0-171-g5ae17c6e89 (webtiles) character file.

452 PikkenKukken the Chopper (level 6, -6/57 HPs)
             Began as a Deep Dwarf Fighter on Sept 15, 2018.
             Mangled by Pikel
             ... wielding a +2 whip of electrocution
              (14 damage)
             ... on level 4 of the Dungeon.
             The game lasted 00:04:10 (2116 turns).

PikkenKukken the Chopper (Deep Dwarf Fighter)       Turns: 2116, Time: 00:04:10

Health: -6/57      AC: 13    Str: 21    XL:     6   Next: 75%
Magic:  6/6        EV:  4    Int:  8    God:
Gold:   187        SH: 10    Dex: 13    Spells: 5/5 levels left

rFire    . . .     SeeInvis +   a - +1 war axe
rCold    . . .     Gourm    .   c - +0 shield
rNeg     . . .     Faith    .   r - +0 plate armour (curse)
rPois    +         Spirit   .   l - +0 helmet
rElec    .         Reflect  .   (no cloak)
rCorr    .         Harm     .   (no gloves)
MR       .....                  (no boots)
Stlth    ..........             n - amulet of magic regeneration
HPRegen  0.00/turn              g - ring of poison resistance
MPRegen  0.35/turn              o - ring of see invisible

@: non-regenerating
A: damage resistance, heal wounds, sense surroundings 1, no regeneration
a: Heal Wounds


You were on level 4 of the Dungeon.
You were not hungry.

You visited 1 branch of the dungeon, and saw 4 of its levels.

You collected 187 gold pieces.

Inventory:

Hand Weapons
 a - a +1 war axe (weapon)
Armour
 b - a +0 scale mail
 c - a +0 shield (worn)
 l - a +0 helmet (worn)
 r - a cursed +0 plate armour (worn)
Jewellery
 g - a ring of poison resistance (left hand)
 n - an amulet of magic regeneration (around neck)
 o - a ring of see invisible (right hand)
Wands
 q - a wand of flame (55)
 s - a wand of clouds (6)
Scrolls
 t - a scroll of enchant weapon
 u - a scroll of identify
Potions
 d - 2 potions of might
 e - a potion of heal wounds
 h - 3 potions of curing
 i - a potion of ambrosia {unknown}
 j - 2 potions of brilliance {unknown}
 k - a potion of haste {unknown}
 p - 2 potions of berserk rage {unknown}
Comestibles
 f - 8 rations
 m - 4 chunks of flesh


   Skills:
 + Level 4.0 Fighting
 * Level 5.2 Axes
 + Level 4.7 Armour
 + Level 4.7 Shields


You had 5 spell levels left.
You didn't know any spells.
Your spell library contained the following spells:

 Spells                   Type           Power        Failure   Level  Hunger
 Shock                    Conj/Air       #...         100%        1    ##.....
 Swiftness                Chrm/Air       #.......     100%        2    ###....
 Static Discharge         Conj/Air       #.......     100%        3    ####...
 Airstrike                Air            #.........   100%        4    #####..
 Lightning Bolt           Conj/Air       #.........   100%        5    ######.


Dungeon Overview and Level Annotations

Branches:
Dungeon (4/15)
 Temple: D:4-7

Altars:

Annotations:
D:4 Pikel


Innate Abilities, Weirdness & Mutations

You are resistant to damage.
You can heal yourself by infusing magical energy.
You passively map a small area around you.
You do not regenerate.


Message History

You barely miss Pikel.
Pikel is lightly wounded.
Pikel hits you with a whip of electrocution.
You are electrocuted!
* * * LOW HITPOINT WARNING * * *
You hit Pikel.
Pikel is lightly wounded.
Pikel hits you but does no damage. You block Pikel's attack.
Your shield prevents you from hitting Pikel.
Pikel is lightly wounded.
Pikel hits you but does no damage.
You slash Pikel!
Pikel is moderately wounded.
Pikel hits you but does no damage.
You are electrocuted!
* * * LOW HITPOINT WARNING * * *
Your shield and plate armour prevent you from hitting Pikel.
Pikel is moderately wounded.
You block Pikel's attack. Pikel hits you but does no damage.
You are electrocuted!
You die...

#...##........# , ,
###..##........# ###.#+#.# ,
#...>.........(# #.......#
###..............# #.......# *,
.................# #.......# .*
.............##### #.......##..
.............# #...........,
###..........#######...........
#.......##....@Kppp..........
#.......#############...#....
#.......# #...# *# #########
#...# , , #...# ,* #.### #.. ,
### *,


You could see Pikel and 3 slaves.

Vanquished Creatures
  Sigmund (D:2)
  A slave (D:4)
  An ogre (D:2)
  A centaur skeleton (D:4)
  A bullfrog skeleton (D:4)
  An iguana (D:4)
  8 adders
  An ooze (D:1)
  A worm (D:2)
  2 dart slugs
  A leopard gecko (D:4)
  5 orcs
  3 giant cockroaches (D:1)
  7 goblins
  A hobgoblin (D:2)
  4 kobolds
  3 quokkas
  2 ball pythons
  8 bats
  4 frilled lizards
  5 rats
61 creatures vanquished.

Notes
Turn   | Place    | Note
-------+----------+-------------------------------------------
     0 | D:1      | PikkenKukken the Deep Dwarf Fighter began the quest for the
                  | Orb.
     0 | D:1      | Reached XP level 1. HP: 20/20 MP: 1/1
   139 | D:1      | Reached XP level 2. HP: 27/27 MP: 2/2
   671 | D:2      | Reached skill level 3 in Axes
   671 | D:2      | Reached XP level 3. HP: 31/34 MP: 3/3
   842 | D:2      | Noticed an ogre
   845 | D:2      | Killed an ogre
   845 | D:2      | Reached XP level 4. HP: 37/42 MP: 4/4
   845 | D:2      | Reached XP level 5. HP: 43/49 MP: 5/5
   892 | D:2      | Reached skill level 4 in Axes
  1095 | D:2      | Noticed Sigmund
  1117 | D:2      | Killed Sigmund
  1117 | D:2      | Reached XP level 6. HP: 45/57 MP: 6/6
  1924 | D:4      | Reached skill level 5 in Axes
  2070 | D:4      | Noticed a slave
  2090 | D:4      | Killed a slave
  2097 | D:4      | Noticed Pikel
  2097 | D:4      | Noticed a slave
  2097 | D:4      | Noticed a slave
  2098 | D:4      | Noticed a slave
  2116 | D:4      | Mangled by Pikel

Vault maps used:
D:1:      minmay_arrival_floating_metal
D:2:      nrook_mini_vaults, minmay_misc_feat_more_columns, uniq_sigmund
D:3:      kennysheep_generic_room_10
D:4:      first_ration, vehumet_altar_wand_db, uniq_natasha, uniq_pikel

Skill      XL: |  1  2  3  4  5  6 |
---------------+-------------------+-----
Fighting       | 3 4 |  4.0
Axes           | 3 4 5 |  5.2
Armour         | 4 |  4.7
Shields        | 4 |  4.7

Action                   |  1- 3 |  4- 6 || total
-------------------------+-------+-------++-------
Melee: War axe           |    83 |   142 ||   225
  Use: Scroll            |     5 |     1 ||     6
       Potion            |     1 |     1 ||     2
  Eat: Chunk             |       |     4 ||     4
Armor: Scale mail        |    38 |    32 ||    70
       Plate armour      |       |    42 ||    42
Dodge: Dodged            |    28 |    38 ||    66
Block: Shield            |    44 |    82 ||   126

Table legend:
 A = Non-vault XP
 B = Vault XP
 C = Vault XP percentage of total XP
 D = Non-vault monster count
 E = Vault monster count
 F = Vault count percentage of total count
                 A         B        C        D         E       F
            +---------+---------+-------+---------+---------+-------
      Total |     433 |     213 |  33.0 |      58 |       2 |   3.3
            +---------+---------+-------+---------+---------+-------
        D:1 |      31 |       0 |   0.0 |      14 |       0 |   0.0
        D:2 |     197 |     212 |  51.8 |      20 |       1 |   4.8
        D:3 |      47 |       1 |   2.1 |      13 |       1 |   7.1
        D:4 |     158 |       0 |   0.0 |      11 |       0 |   0.0
            +---------+---------+-------+---------+---------+-------
